 Dungeon Crawl Stone Soup version 0.29.1 (webtiles) character file.

Game seed: 5250418204910545141

33 greasedhog the Shooter (level 3, -2/23 HPs)
             Began as a Kobold Hunter on Sept 14, 2022.
             Frozen to death by an endoplasm (3 damage)
             ... on level 2 of the Dungeon.
             The game lasted 00:00:43 (1210 turns).

greasedhog the Shooter (Kobold Hunter)              Turns: 1210, Time: 00:00:44

Health: -2/23      AC:  3    Str:  8    XL:     3   Next: 47%
Magic:  3/3        EV: 14    Int: 10    God:
Gold:   100        SH:  0    Dex: 20    Spells: 2/2 levels left

rFire   . . .      SeeInvis .   a - +0 shortbow
rCold   . . .      Faith    .   (shield currently unavailable)
rNeg    . . .      Spirit   .   c - +0 leather armour
rPois   .          Reflect  .   (no helmet)
rElec   .          Harm     .   (no cloak)
rCorr   .          Rampage  .   (no gloves)
Will    .....                   (no boots)
Stlth   +++.......              (no amulet)
HPRegen 0.07/turn               (no ring)
MPRegen 0.08/turn               (no ring)

@: lethally poisoned (-2 -> -11)
A: small, no large weapons, nightstalker 3
a: no special abilities


You were on level 2 of the Dungeon.
You visited 1 branch of the dungeon, and saw 2 of its levels.

You collected 100 gold pieces.

Inventory:

Hand Weapons
 a - a +0 shortbow (weapon)
Armour
 c - a +0 leather armour (worn)
Scrolls
 b - a scroll of immolation
Potions
 d - a potion of flight {unknown}
 e - 4 potions of curing


   Skills:
 * Level 3.2 Fighting
 * Level 6.0 Ranged Weapons
 - Level 2.4 Dodging
 - Level 1.3 Stealth


You had 2 spell levels left.
You didn't know any spells.
Your spell library contained the following spells:

 Spells                   Type           Power      Damage    Failure   Level
 Shock                    Conj/Air       0%         1d3       50%         1
 Swiftness                Air            0%         N/A       86%         3
 Airstrike                Air            0%         2d(0-16)  99%         4


Dungeon Overview and Level Annotations

Branches:
Dungeon (2/15)

Altars:


Innate Abilities, Weirdness & Mutations

You are small and have problems with some larger weapons.
You are completely attuned to the shadows.


Message History

The endoplasm hits you but does no damage.
The adder bites you but does no damage.
Fire: a) +0 shortbow
Press: ? - help, Q - select action Shift-Dir - straight line, f/p - adder
Aim: an adder (almost dead, 51% to hit)
You shoot an arrow. The arrow barely misses the adder.
The adder completely misses you. The endoplasm barely misses you.
Unknown command.
Fire: a) +0 shortbow
Press: ? - help, Q - select action Shift-Dir - straight line, f/p - adder
Aim: an adder (almost dead, 51% to hit)
You shoot an arrow. The arrow closely misses the adder.
The adder bites you.
You are poisoned.
The adder poisons you!
The endoplasm hits you but does no damage.
The adder misses you.
Fire: a) +0 shortbow
Press: ? - help, Q - select action Shift-Dir - straight line, f/p - adder
Aim: an adder (almost dead, 51% to hit)
You shoot an arrow. The arrow barely misses the adder.
* * * LOW HITPOINT WARNING * * *
You feel sick. The endoplasm barely misses you.
The adder bites you but does no damage. The endoplasm freezes you.
You are frozen.
* * * LOW HITPOINT WARNING * * *
The adder closely misses you.
Fire: a) +0 shortbow
Press: ? - help, Q - select action Shift-Dir - straight line, f/p - adder
Aim: an adder (almost dead, 51% to hit)
You shoot an arrow. The arrow completely misses the adder.
* * * LOW HITPOINT WARNING * * *
You feel sick. The adder bites you.
* * * LOW HITPOINT WARNING * * *
You are more poisoned.
The adder poisons you! The endoplasm freezes you.
You are frozen.
You die...

......... #.##.##.#
#.##.##.#
8####.##.##.##
$.......#.........#
#..)>......##.###.#
#8.$8#....##.# #.# .
###.†####..##.# #.##.
...J@S.>...##.# #.##.
#>#.#..#....#.###.##.
......#.............
#.#...............##.
#.#.)................
.##..##. ...... ..#.
.##.


You could see an adder and an endoplasm.

Vanquished Creatures
  An adder (D:2)
  A worm (D:2)
  2 endoplasms (D:1)
  2 giant cockroaches (D:1)
  4 jackals (D:1)
  4 kobolds
  A quokka (D:1)
  2 ball pythons
  3 rats
20 creatures vanquished.

Notes
Turn   | Place    | Note
-------+----------+-------------------------------------------
     0 | D:1      | greasedhog the Kobold Hunter began the quest for the Orb.
     0 | D:1      | Reached XP level 1. HP: 12/12 MP: 1/1
   260 | D:1      | Reached XP level 2. HP: 18/18 MP: 2/2
   741 | D:1      | Found a faded altar of an unknown god.
   917 | D:2      | Reached XP level 3. HP: 23/23 MP: 3/3
   953 | D:2      | Reached skill level 6 in Ranged Weapons
  1210 | D:2      | HP: 1/23 [adder (2)]
  1210 | D:2      | Frozen to death by an endoplasm

Illustrated notes

Levels and vault maps discovered:
D:1:      dpeg_arrival_line_fractal, layout_rooms,
          shapermc_ecumenical_altar_notcrosses
D:2:      layout_basic, st_stairs_6, kennysheep_generic_room_16

Skill      XL: |  1  2  3 |
---------------+----------+-----
Fighting       | 3 |  3.2
Ranged Weapons | 6 |  6.0
Dodging        | |  2.4
Stealth        | |  1.3

Action                   || total
-------------------------++-------
 Fire: Shortbow          ||    73
  Use: Scroll            ||     2
Armor: Leather armour    ||    18
Dodge: Dodged            ||    58
